 Dungeon Crawl Stone Soup version 0.20.1-1-g8b1a95d (webtiles) character file.

13811 shigeko the Carver (level 11, -1/111 HPs)
             Began as a Minotaur Fighter on Nov 30, 2017.
             Was the Champion of Jiyva.
             Slain by a tyrant leech (7 damage)
             ... on level 2 of the Lair of Beasts.
             The game lasted 00:25:39 (8769 turns).

shigeko the Carver (Minotaur Fighter)               Turns: 8769, Time: 00:25:40

Health: -1/111     AC: 17    Str: 19    XL:     11   Next: 80%
Magic:  10/10      EV: 11    Int: 11    God:    Jiyva [******]
Gold:   129        SH:  4    Dex: 11    Spells: 9/10 levels left

rFire    + . .     SeeInvis .   g - +5 double sword
rCold    + . .     Gourm    .   (no shield)
rNeg     . . .     Faith    .   P - +1 chain mail {MR+}
rPois    +         Spirit   .   (helmet restricted)
rElec    .         Reflect  +   (no cloak)
rCorr    +         Harm     .   l - +2 pair of gloves
MR       +....     Clarity  +   q - +0 pair of boots
Stlth    ..........             e - +4 amulet of reflection
Regen    0.3/turn               r - ring of protection from fire
MPRegen  0.2/turn               J - ring of protection from cold

@: no status effects
A: retaliatory headbutt, horns 2, clarity, mutation resistance 1, poison
resistance, robust 1, strong 1, wild magic 1, acidic bite, jelly sensing items
a: Request Jelly, Slimify, Cure Bad Mutation, Renounce Religion


You were on level 2 of the Lair of Beasts.
You worshipped Jiyva.
Jiyva was exalted by your worship.
You were completely stuffed.

You visited 2 branches of the dungeon, and saw 12 of its levels.

You collected 241 gold pieces.
You spent 112 gold pieces at shops.

Inventory:

Hand Weapons
 g - a +5 double sword (weapon)
Armour
 l - a +2 pair of gloves (worn)
 q - a +0 pair of boots (worn)
 P - a +1 chain mail of magic resistance (worn)
Jewellery
 a - an uncursed ring of ice
 e - a +4 amulet of reflection (around neck)
 r - a ring of protection from fire (left hand)
 E - an uncursed amulet of the gourmand
 J - a ring of protection from cold (right hand)
Wands
 G - a wand of flame (15/48)
 M - a wand of iceblast (0/15)
 N - a wand of scattershot (4/9)
Scrolls
 j - 4 scrolls of teleportation
 m - 3 scrolls of remove curse {unknown}
 u - 2 scrolls of blinking
 x - a scroll of recharging {unknown}
 y - a scroll of amnesia {unknown}
 z - 2 scrolls of enchant weapon {unknown}
 A - a scroll of immolation
 H - 3 scrolls of fear
 O - a scroll of acquirement {unknown}
Potions
 i - 6 potions of curing
 k - a potion of brilliance {unknown}
 n - a potion of lignification
 p - a potion of haste
 t - 2 potions of cancellation
 v - a potion of ambrosia {unknown}
 C - a potion of flight {unknown}
 I - a potion of berserk rage {unknown}
 R - a potion of resistance {unknown}
 T - a potion of mutation {unknown}
 W - a potion of heal wounds
Books
 B - a book of Callings

   Spells                             Type                      Level
   a - Summon Small Mammal            Summoning                    1
   b - Call Imp                       Summoning                    2
   c - Call Canine Familiar           Summoning                    3
   d - Summon Guardian Golem          Hexes/Summoning              3
   e - Summon Lightning Spire         Summoning/Air                4
   f - Summon Ice Beast               Ice/Summoning                4
 F - a book of Cantrips

   Spells                             Type                      Level
   a - Confusing Touch                Hexes                        1
   b - Animate Skeleton               Necromancy                   1
   c - Summon Small Mammal            Summoning                    1
   d - Apportation                    Translocation                1
 L - a book of Enchantments

   Spells                             Type                      Level
   a - Cause Fear                     Hexes                        4
   b - Yara's Violent Unravelling     Hexes/Transmutation          5
   c - Silence                        Hexes/Air                    5
   d - Deflect Missiles               Charms/Air                   6
   e - Discord                        Hexes                        8
 Q - a book of Minor Magic

   Spells                             Type                      Level
   a - Magic Dart                     Conjuration                  1
   b - Blink                          Translocation                2
   c - Call Imp                       Summoning                    2
   d - Slow                           Hexes                        2
   e - Conjure Flame                  Conjuration/Fire             3
   f - Mephitic Cloud                 Conjuration/Poison/Air       3
 S - a book of Clouds

   Spells                             Type                      Level
   a - Poisonous Vapours              Poison/Air                   2
   b - Mephitic Cloud                 Conjuration/Poison/Air       3
   c - Conjure Flame                  Conjuration/Fire             3
   d - Freezing Cloud                 Conjuration/Ice/Air          6
   e - Ring of Flames                 Charms/Fire                  7
Miscellaneous
 U - a phial of floods
Comestibles
 f - 6 bread rations
 h - 5 fruits
 o - 6 royal jellies
 D - 4 meat rations


   Skills:
 - Level 10.5 Fighting
 + Level 11.0 Long Blades
 - Level 10.3 Armour
 - Level 9.0 Dodging
   Level 3.6 Shields
 - Level 7.1 Translocations


You had 9 spell levels left.
You knew the following spells:

 Your Spells              Type           Power        Failure   Level  Hunger
a - Apportation           Tloc           ###...       21%         1    ##.....


Dungeon Overview and Level Annotations

Branches:
Dungeon (10/15)            Temple (0/1) D:7            Lair (2/6) D:10
  Swamp: Lair:2-4    Shoals: Lair:2-4     Snake: Lair:2-4    Spider: Lair:2-4
    Orc: D:9-12

Altars:
Ashenzari
Elyvilon
Gozag
Makhleb
Nemelex Xobeh
Ru
Vehumet
Jiyva

Shops:
D:5 *=%[!


Innate Abilities, Weirdness & Mutations

You reflexively headbutt those who attack you in melee.
You have a pair of horns on your head.
You possess an exceptional clarity of mind.
You are somewhat resistant to further mutation.
Your system is resistant to poisons. (rPois)
You are robust. (+10% HP)
Your muscles are strong. (Str +2)
Your spells are a little harder to cast, but a little more powerful.
You have acidic saliva.
You have a small jelly attached to you that senses nearby items.


Message History

You hear an angry growl.
The tyrant leech bites you!
* * * LOW HITPOINT WARNING * * *
The tyrant leech draws strength from your injuries!
You take 16 damage, and have 22/111 hp.
As you read the scroll of fear, it crumbles to dust.
You assume a fearsome visage.
The tyrant leech resists with some effort.
The tyrant leech looks frightened! x2
You hear an angry growl.
The tyrant leech bites you!
* * * LOW HITPOINT WARNING * * *
The tyrant leech draws strength from your injuries!
You take 14 damage, and have 8/111 hp.
You hit the tyrant leech. The tyrant leech bites you.
* * * LOW HITPOINT WARNING * * *
The tyrant leech draws strength from your injuries!
You take 3 damage, and have 5/111 hp.
You closely miss the tyrant leech. The tyrant leech bites you!
You die...

...# ..#
####.####
#.......#
#....#
♣w.##w## ♣w#
#w.## ≈..
##..## ..
≈§♣ #..#@#
..# ♣§♣
###w####...#
♣♣
#..P#.#..#
##...#...#
#...P....#
###......#
#......##
#.......#
##.....##


You could see 3 tyrant leeches.

Vanquished Creatures
  Fannar (D:10)
  Urug (D:10)
  Nergalle (D:10)
  The ghost of AdmiralAndromeda the Destroyer, a novice TeCj of Vehumet (D:7)
  A black mamba (Lair:1)
  A gargoyle (D:10)
  A spiny frog (Lair:1)
  A kobold demonologist (D:10)
  2 komodo dragons (Lair:1)
  The ghost of WiZmei the Cudgeler, a novice GrFi (D:5)
  A tengu conjurer (D:9)
  A troll (D:10)
  3 blink frogs (Lair:1)
  A hippogriff (D:8)
  A wyvern (D:9)
  2 wraiths (D:10)
  14 yaks
  A human (D:7)
  4 hogs (D:7)
  2 water moccasins
  A porcupine (Lair:1)
  An orc warrior (D:9)
  A black bear (D:10)
  3 sky beasts
  A necrophage (D:7)
  2 phantoms
  8 centaurs
  4 ogres
  3 crocodiles
  20 big kobolds (D:10)
  7 bullfrogs
  Dowan (D:4)
  4 scorpions
  6 killer bees
  3 wights (D:9)
  A howler monkey (D:4)
  An electric eel (D:7)
  2 crimson imps
  A quasit (D:10)
  2 orc priests
  A gnoll shaman (D:8)
  4 hounds
  2 orc wizards
  Terence (D:2)
  An iguana (D:4)
  2 worker ants
  A hound skeleton (D:6)
  A howler monkey zombie (D:7)
  3 adders
  6 gnolls (D:8)
  An ooze (D:2)
  2 adder skeletons
  2 adder zombies
  A worm (D:3)
  3 dart slugs
  2 leopard geckos
  23 orcs
  9 bats
  5 giant cockroaches
  6 goblins
  5 hobgoblins
  A quokka (D:4)
  2 ball pythons
  6 frilled lizards
  A jackal skeleton (D:9)
  10 kobolds
  A leopard gecko skeleton (D:4)
  8 rats
223 creatures vanquished.

Vanquished Creatures (others)
  A slime creature (D:10)
  A wraith (D:10)
  Duvessa (D:4)
  2 water moccasins
  2 ogres
  A sky beast (D:10)
  2 necrophages
  A centaur (D:10)
  A big kobold (D:10)
  3 bullfrogs (Lair:1)
  Blork the orc (D:6)
  A gnoll sergeant (D:8)
  A scorpion (D:4)
  3 killer bees (D:7)
  27 jellies
  A howler monkey (D:8)
  2 hounds
  3 orc wizards
  A worker ant (D:5)
  A hound skeleton (D:7)
  A howler monkey zombie (D:6)
  A worker ant zombie (D:6)
  2 gnolls (D:8)
  2 adders (D:6)
  An adder zombie (D:6)
  A leopard gecko (D:4)
  6 orcs
  A giant cockroach (D:6)
  2 goblins
  5 kobolds
  A quokka (D:3)
  A bat (D:3)
  A frilled lizard (D:4)
  A fungus (Lair:1)
82 creatures vanquished.

Grand Total: 305 creatures vanquished

Notes
Turn   | Place    | Note
-------+----------+-------------------------------------------
     0 | D:1      | shigeko the Minotaur Fighter began the quest for the Orb.
     0 | D:1      | Reached XP level 1. HP: 19/19 MP: 0/0
    96 | D:1      | Reached skill level 3 in Long Blades
   115 | D:1      | Reached XP level 2. HP: 22/26 MP: 1/1
   303 | D:1      | Reached skill level 4 in Long Blades
   799 | D:2      | Noticed Terence
   810 | D:2      | Killed Terence
   810 | D:2      | Reached XP level 3. HP: 28/31 MP: 2/2
   875 | D:2      | Reached skill level 5 in Long Blades
   984 | D:2      | Reached XP level 4. HP: 38/39 MP: 3/3
  1366 | D:3      | Noticed a bullfrog
  1375 | D:3      | Killed a bullfrog
  1375 | D:3      | Reached skill level 6 in Long Blades
  1375 | D:3      | Reached XP level 5. HP: 36/45 MP: 4/4
  1490 | D:3      | Reached skill level 7 in Long Blades
  1511 | D:3      | Found a faded altar of an unknown god.
  1549 | D:3      | Became a worshipper of Jiyva Jatizxyo the Shapeless
  1549 | D:3      | Reached * piety under Jiyva
  1684 | D:3      | Reached ** piety under Jiyva
  2281 | D:4      | Reached XP level 6. HP: 36/51 MP: 5/5
  2287 | D:4      | Noticed Duvessa
  2289 | D:4      | Noticed Dowan
  2292 | D:4      | Killed Duvessa
  2292 | D:4      | Reached skill level 8 in Long Blades
  2299 | D:4      | Killed Dowan
  2424 | D:4      | Found an opulent altar of Gozag.
  2827 | D:5      | Entered Level 5 of the Dungeon
  2833 | D:5      | Reached skill level 9 in Long Blades
  2837 | D:5      | Reached XP level 7. HP: 53/57 MP: 3/6
  2842 | D:5      | Reached *** piety under Jiyva
  2863 | D:5      | Found Ytsiud's Armour Shoppe.
  2895 | D:5      | Noticed WiZmei's ghost (novice GrFi)
  2923 | D:5      | Killed WiZmei's ghost
  2923 | D:5      | Reached skill level 10 in Long Blades
  2966 | D:5      | Found Lyvuh's Distillery.
  2973 | D:5      | Bought a potion of heal wounds for 70 gold pieces
  2973 | D:5      | Bought a potion of curing for 42 gold pieces
  3003 | D:5      | Found Neoptip's Food Shoppe.
  3041 | D:5      | Found Zuitiasicu's Assorted Antiques.
  3053 | D:5      | Gained mutation: You passively map a small area around you. [Jiyva's grace]
  3090 | D:5      | Found a radiant altar of Vehumet.
  3125 | D:5      | Found a shattered altar of Ashenzari.
  3169 | D:5      | Found Fow Rong's Jewellery Shoppe.
  3354 | D:6      | Reached skill level 1 in Dodging
  3414 | D:6      | Learned a level 1 spell: Apportation
  3435 | D:6      | Reached XP level 8. HP: 53/66 MP: 7/7
  3477 | D:6      | Reached skill level 1 in Translocations
  3545 | D:6      | Reached **** piety under Jiyva
  3576 | D:6      | Lost mutation: You passively map a small area around you. [Jiyva's grace]
  3698 | D:6      | Killed Blork the orc
  4160 | D:7      | Reached skill level 5 in Armour
  4184 | D:7      | Reached skill level 5 in Fighting
  4196 | D:7      | Reached XP level 9. HP: 32/75 MP: 8/8
  4379 | D:7      | Gained mutation: Your rubbery body absorbs attacks. (AC +1, EV +1) [Jiyva's grace]
  4393 | D:7      | Reached ***** piety under Jiyva
  4515 | D:7      | Found a staircase to the Ecumenical Temple.
  4549 | D:7      | Noticed AdmiralAndromeda's ghost (novice TeCj)
  4564 | D:7      | Killed AdmiralAndromeda's ghost
  4564 | D:7      | Reached skill level 5 in Dodging
  4816 | D:7      | Gained mutation: You are somewhat resistant to further mutation. [Jiyva's grace]
  4919 | D:7      | Got a crude great sword
  4925 | D:7      | Identified the +5 great sword "Socent" {pain, rPois rC++ Str-5 Stlth+} (You found it on level 7 of the Dungeon)
  5178 | D:7      | Gained mutation: Your system is resistant to poisons. (rPois) [mutagenic meat]
  5179 | D:7      | Gained mutation: You are robust. (+10% HP) [mutagenic meat]
  5392 | D:8      | Reached skill level 5 in Translocations
  5486 | D:8      | Found a white marble altar of Elyvilon.
  5572 | D:8      | Found a sacrificial altar of Ru.
  5651 | D:8      | Found a sparkling altar of Nemelex Xobeh.
  5760 | D:8      | Gained mutation: You have a small jelly attached to you that senses nearby items. [Jiyva's grace]
  5842 | D:8      | Reached XP level 10. HP: 94/94 MP: 9/9
  6158 | D:9      | Gained mutation: You have acidic saliva. [Jiyva's grace]
  6495 | D:9      | Reached ****** piety under Jiyva
  6649 | D:10     | Entered Level 10 of the Dungeon
  6662 | D:10     | Found a burning altar of Makhleb.
  6663 | D:10     | Noticed Nergalle
  6680 | D:10     | Killed Nergalle
  6707 | D:10     | Noticed a gargoyle
  6713 | D:10     | Killed a gargoyle
  6790 | D:10     | Reached XP level 11. HP: 84/106 MP: 10/10
  6849 | D:10     | Noticed Josephine
  6862 | D:10     | Slimified Josephine
  6862 | D:10     | Noticed Josephine
  6862 | D:10     | Josephine changed into Josephine the slime creature
  6865 | D:10     | Killed Josephine the slime creature
  6879 | D:10     | Gained mutation: Your muscles are strong. (Str +2) [Jiyva's grace]
  7040 | D:10     | Noticed Urug
  7058 | D:10     | Killed Urug
  7134 | D:10     | Lost mutation: Your rubbery body absorbs attacks. (AC +1, EV +1) [Jiyva's grace]
  7262 | D:10     | Gained mutation: You possess an exceptional clarity of mind. [Jiyva's grace]
  7298 | D:10     | Noticed Fannar
  7322 | D:10     | Killed Fannar
  7322 | D:10     | Reached skill level 10 in Fighting
  7341 | D:10     | Found a staircase to the Lair.
  7458 | Lair:1   | Entered Level 1 of the Lair of Beasts
  7491 | D:10     | Reached skill level 10 in Armour
  8333 | Lair:1   | Gained mutation: Your spells are a little harder to cast, but a little more powerful. [Jiyva's grace]
  8392 | Lair:1   | Reached skill level 11 in Long Blades
  8768 | Lair:2   | HP: 5/111 [tyrant leech (3)]
  8769 | Lair:2   | Slain by a tyrant leech

Skill      XL: |  1  2  3  4  5  6  7  8  9 10 11 |
---------------+----------------------------------+-----
Long Blades    | 3 4 5 6 7 9 10 11 | 11.0
Fighting       | 4 5 7 9 10 | 10.5
Armour         | 4 5 7 8 10 | 10.3
Dodging        | 2 3 5 7 9 |  9.0
Translocations | 3 5 7 |  7.1
Shields        | |  3.6

Action                   |  1- 3 |  4- 6 |  7- 9 | 10-12 || total
-------------------------+-------+-------+-------+-------++-------
Melee: Long sword        |    86 |   111 |   185 |       ||   382
       Headbutt          |    10 |    24 |    53 |    66 ||   153
       Great sword       |       |       |    35 |   228 ||   263
       Bite              |       |       |       |    39 ||    39
       Double sword      |       |       |       |   108 ||   108
Invok: Request Jelly     |       |     4 |     4 |       ||     8
       Slimify           |       |       |     1 |     2 ||     3
Evoke: Wand              |       |       |       |     5 ||     5
  Use: Scroll            |       |     3 |     4 |     3 ||    10
       Potion            |       |       |     3 |     8 ||    11
  Eat: Chunk             |       |     3 |    12 |     1 ||    16
Armor: Scale mail        |    41 |    32 |    83 |   124 ||   280
       Chain mail        |       |       |       |    44 ||    44
       Skin              |       |       |       |     2 ||     2
Dodge: Dodged            |    20 |    27 |    96 |   221 ||   364
Block: Shield            |    70 |    68 |    84 |       ||   222
       Reflection        |     2 |     4 |       |     3 ||     9
       Other             |       |       |       |    24 ||    24
       Rpst.: Long sword |     5 |     8 |    25 |       ||    38
       Great sword       |       |       |     7 |    48 ||    55
       Double sword      |       |       |       |    11 ||    11
